 Dungeon Crawl Stone Soup version 0.17-a0-18-gc25b939 (console) character file.

163682 Monkaria the Executioner (level 17, -3/144 HPs)
             Began as a Hill Orc Gladiator on Mar 11, 2015.
             Was a High Priest of Beogh.
             Slain by a black mamba (4 damage)
             ... on level 5 of the Snake Pit on Mar 12, 2015.
             The game lasted 03:14:55 (34378 turns).

Monkaria the Executioner (Hill Orc Gladiator)      Turns: 34378, Time: 03:14:55

Health: -3/144     AC: 33    Str: 29      XL:     17   Next: 83%
Magic:  10/28      EV: 10    Int:  6 (8)  God:    Beogh [*****.]
Gold:   601        SH:  0    Dex: 14      Spells: 0 memorised, 16 levels left

rFire  + . .     SeeInvis +     f - +3 executioner's axe (freeze)
rCold  . . .     Clarity  .     s - +1 plate armour {rF+}
rNeg   + + .     SustAb   .     (no shield)
rPois  +         Gourm    .     U - +0 helmet
rElec  +         Spirit   .     F - +2 cloak {MR+}
rCorr  .         Warding  +     o - +0 pair of gloves
rMut   .         Rnd*Tele +     z - +2 pair of boots of the Townfolk {rPois}
MR     ++...                    u - amulet of warding
Stlth  ..........               x - ring of Shriclytu {rElec Str+9 SInv}
                                g - ring of Freedom {+Inv rN+ AC+2 Stlth+}

@: lethally poisoned (-3 -> -14), about to teleport, constricted, very resistant
to hostile enchantments, extremely unstealthy
A: walk on water, yellow scales 1, clumsy 1, deformed body, teleportitis 1
a: Smiting, Recall Orcish Followers, Give Item to Named Follower, Renounce
Religion, Evoke Invisibility


You were on level 5 of the Snake Pit.
You worshipped Beogh.
Beogh was extremely pleased with you.
You were near starving.

You visited 5 branches of the dungeon, and saw 29 of its levels.
You also visited: Labyrinth, Ossuary, Bailey and Ice Cave.

You collected 3281 gold pieces.
You spent 2680 gold pieces at shops.

Inventory:

Hand weapons
 f - a +3 executioner's axe of freezing (weapon)
 C - a +0 blowgun
Missiles
 d - 4 throwing nets (quivered)
 j - 22 poisoned needles
 Z - 7 curare-tipped needles
Armour
 k - a +0 cloak of invisibility
 o - a +0 pair of gloves (worn)
 s - a +1 plate armour of fire resistance (worn)
 z - the +2 pair of boots of the Townfolk (worn) {rPois}
   (You found it on level 11 of the Dungeon)

   It protects you from poison.
 F - a +2 cloak of magic resistance (worn)
 J - the +6 buckler of Cocytus {rF+ rC- Str+6, unknown}
   (You took it off Norris on level 4 of the Snake Pit)

   It affects your strength (+6).
   It protects you from fire.
   It makes you vulnerable to cold.
 U - a +0 helmet (worn)
Rods
 a - a +4 rod of the swarm (3/13)
   (You found it in a labyrinth)
 n - a +7 lightning rod (7/14)
   (You found it in a labyrinth)
 y - a +1 rod of clouds (5/9)
   (You bought it in a shop on level 4 of the Orcish Mines)
Jewellery
 g - the ring of Freedom (left hand) {+Inv rN+ AC+2 Stlth+}
   (You found it in a labyrinth)

   [ring of protection]

   It affects your AC (+2).
   It protects you from negative energy.
   It lets you turn invisible.
   It makes you more stealthy.
 u - an amulet of warding (around neck)
 x - the ring of Shriclytu (right hand) {rElec Str+9 SInv}
   (You found it on level 5 of the Dungeon)

   [ring of see invisible]

   It affects your strength (+9).
   It insulates you from electricity.
   It enhances your eyesight.
 E - an uncursed ring of teleport control
 I - an uncursed ring of ice
Magical devices
 b - a wand of hasting (1)
 c - a wand of fire (7)
 h - a wand of disintegration (13)
 p - a wand of teleportation (5)
 G - a wand of frost (21)
 H - a wand of magic darts (11)
 N - a wand of cold (2)
Scrolls
 l - 11 scrolls of remove curse
 r - 5 scrolls of teleportation
 v - 3 scrolls of fog
 L - a scroll of summoning
Potions
 e - a potion of berserk rage
 w - 2 potions of agility
 A - 3 potions of curing
 D - 2 potions of restore abilities
 R - 2 potions of flight
Books
 q - a book of Party Tricks

   Spells                             Type                      Level
   a - Summon Butterflies             Summoning                    1
   b - Apportation                    Translocation                1
   c - Tukima's Dance                 Hexes                        3
   d - Alistair's Intoxication        Transmutation/Poison         4
   e - Invisibility                   Hexes                        6
Comestibles
 i - 12 bread rations
 m - 4 beef jerkies
 O - a meat ration
 P - a slice of pizza


   Skills:
 - Level 11.0 Fighting
 + Level 24.3 Axes
 - Level 2.0 Throwing
 - Level 20.0 Armour
 - Level 2.4 Dodging
 - Level 8.2 Invocations


You had 16 spell levels left.
You didn't know any spells.

Dungeon Overview and Level Annotations

Branches:
Dungeon (11/15)            Temple (1/1) D:5            Lair (8/8) D:11
 Shoals (0/5) Lair:5        Snake (5/5) Lair:4        Slime (0/6) Lair:7
    Orc (4/4) D:11            Elf (0/3) Orc:3

Altars:
Ashenzari
Cheibriados
Dithmenos
Elyvilon
Fedhas
Gozag
Kikubaaqudgha
Makhleb
Nemelex Xobeh
Okawaru
Qazlal
Ru
Sif Muna
Trog
Vehumet
Xom
Yredelemnul
Zin
The Shining One
Beogh
Jiyva

Shops:
D:9 :   Orc:4 !}}?[   Snake:2 }

Annotations:
Snake:5 Nergalle


Innate Abilities, Weirdness & Mutations

You can walk on water.
You are partially covered in yellow scales (AC +2).
You are clumsy. (Dex -2)
Armour fits poorly on your strangely shaped body.
Space occasionally distorts in your vicinity.


Message History

* * * LOW HITPOINT WARNING * * *
The naga hits you but does no damage. The naga barely misses you.
The naga hits you but does no damage. The black mamba bites you.
* * * LOW HITPOINT WARNING * * *
The anaconda bites you but does no damage.
A naga mage comes into view. It is wielding a dire flail.
Unknown command.
Unknown command.
Read which item? (? for menu, Esc to quit)
As you read the scroll of teleportation, it crumbles to dust.
You feel strangely unstable.
The guardian serpent hits you but does no damage.
The greater naga points at you and mumbles some strange words.
The bolt of poison hits you!
You are lethally poisoned!
You resist.
* * * LOW HITPOINT WARNING * * *
The bolt of poison misses the guardian serpent.
The bolt of poison hits the naga.
The black mamba bites you.
You die...

... ...S§..#
..8..§..#
.........#
8...8.....#
N.....⌠...#
8.N.8SSNN§#
.......SNN§#
####
.8...8SS@S§#
...##
......§SNN##
....#
8...8NNN§#
....#
..S.N.S.##
....##
..N.....#
.....#
......##
.o..###
...##
..oooo####
.# #######.Z


You could see a greater naga, 3 anacondas, 2 naga ritualists, 2 guardian
serpents, 2 black mambas, 2 naga magi, a water moccasin and 6 nagas.

Vanquished Creatures
  Norris (Snake:4)
  Nikola (Snake:1)
  Rupert (Lair:4)
  4 greater nagas
  Gastronok (D:8)
  A stone giant (Orc:4)
  Snorg (Snake:2)
  A minotaur (Lab)
  14 naga warriors
  2 hydras (Lair:8)
  10 anacondas
  Erica (Orc:4)
  An ogre mage (Orc:4)
  5 naga sharpshooters
  4 shock serpents
  The ghost of Monkaria the Cleaver, an experienced HOGl of Beogh (D:8)
  2 ice devils (IceCv)
  2 naga ritualists (Snake:5)
  An unseen horror (D:10)
  2 ice statues (IceCv)
  An oklob plant (D:11)
  2 orc knights (Bailey)
  4 mana vipers
  14 elephants
  2 salamanders
  Maurice (Orc:4)
  2 guardian serpents
  Joseph (D:10)
  7 naga magi
  13 spiny frogs
  11 black mambas
  4 komodo dragons
  3 fire drakes
  9 blue devils (IceCv)
  2 trolls (Orc:4)
  2 polar bears (Lair:8)
  3 blink frogs (Lair:8)
  4 two-headed ogres (Orc:4)
  A spriggan (D:9)
  2 trapdoor spiders (Lab)
  2 deep elf magi (Orc:4)
  4 wolves
  2 basilisks
  12 yaks
  5 hippogriffs
  4 hungry ghosts
  2 vampire mosquitoes (Lair:8)
  4 deep elf fighters (Orc:4)
  The ghost of inmateoo the Insei, an average DrTm of Vehumet (D:4)
  3 wyverns
  8 swamp worms (Lair:8)
  Edmund (D:7)
  2 porcupines
  24 nagas
  A warg (Orc:1)
  8 water moccasins
  3 ice beasts
  A hell hound (Lair:8)
  A spider (Snake:1)
  2 black bears
  A necrophage (D:9)
  5 orc warriors
  3 sky beasts
  12 ogres
  2 phantoms
  A brain worm (Lair:8)
  6 crocodiles
  An elf zombie (Ossuary)
  3 centaurs (Lair:5)
  15 giant frogs
  A wyvern zombie (D:11)
  A scorpion (D:9)
  A troll skeleton (Lab)
  5 electric eels
  A spriggan skeleton (Lab)
  5 wights
  4 crimson imps
  A goliath beetle (D:7)
  2 jellies (D:8)
  2 gnoll shamans
  6 centaur zombies
  A giant frog skeleton (D:4)
  5 orc priests
  5 hounds
  Crazy Yiuf (D:2)
  A human zombie (Ossuary)
  7 orc wizards
  5 worker ants
  3 hell rats (Lair:7)
  5 iguanas
  An iron imp (D:5)
  Natasha (twice) (D:4)
  A spectral orc (Snake:1)
  A big kobold zombie (Ossuary)
  6 sheep (Lair:8)
  2 ogre zombies (D:11)
  Ijyb (D:2)
  2 mummies (Ossuary)
  A worker ant zombie (D:5)
  A hound skeleton (D:8)
  Robin (D:2)
  14 adders
  11 gnolls
  22 river rats
  3 shadow imps
  7 white imps (IceCv)
  5 worms
  4 ufetubi (IceCv)
  An adder zombie (Ossuary)
  2 adder skeletons
  4 giant geckos
  3 oozes
  21 orcs
  A ball python (D:3)
  9 bats
  A bat skeleton (D:4)
  20 goblins
  26 hobgoblins
  7 jackals
  11 quokkas
  6 giant cockroaches
  7 giant newts
  3 goblin zombies
  3 hobgoblin skeletons (D:11)
  18 hobgoblin zombies
  13 kobolds
  8 kobold zombies (Ossuary)
  6 orc skeletons
  15 orc zombies
  A quokka skeleton (D:8)
  21 rats
  A ballistomycete (D:9)
  23 fungi
  15 plants
676 creatures vanquished.

Vanquished Creatures (collateral kills)
  Vashnia (Snake:4)
  2 greater nagas (Snake:5)
  A stone giant (Orc:4)
  An ettin (Orc:4)
  An ice dragon (Lair:8)
  8 hydras
  Fannar (Lair:8)
  9 naga warriors
  9 anacondas
  An ogre mage (Orc:4)
  6 death yaks
  4 shock serpents
  8 naga sharpshooters
  The ghost of quick the Destroyer, an experienced GrVM of Sif Muna (D:11)
  2 deep trolls (Orc:4)
  A salamander mystic (Snake:4)
  5 naga ritualists
  6 guardian serpents
  2 orc knights
  2 hill giants
  4 mana vipers
  5 griffons
  11 naga magi
  4 manticores (Lair:8)
  An oklob plant (D:11)
  3 salamanders
  7 elephants
  A cyclops (Orc:4)
  17 black mambas
  A torpor snail (Lair:8)
  A kobold demonologist (D:11)
  15 spiny frogs
  5 komodo dragons
  3 fire drakes
  A wandering mushroom (Lair:7)
  A polar bear (Lair:8)
  5 blink frogs
  7 trolls
  2 basilisks (Lair:8)
  3 two-headed ogres
  A shadow (Lair:1)
  4 deep elf fighters (Orc:4)
  9 hippogriffs
  2 hungry ghosts (D:10)
  3 wyverns (Lair:8)
  10 yaks
  Grum (Orc:4)
  3 vampire mosquitoes (Lair:8)
  18 nagas
  A mottled dragon (D:11)
  10 wolves
  4 swamp worms (Lair:8)
  13 water moccasins
  3 porcupines
  2 hell hounds (Lair:8)
  A sky beast (D:10)
  8 orc warriors
  5 ice beasts
  3 spiders (Snake:1)
  2 eyes of draining (D:10)
  13 ogres
  5 crocodiles
  8 giant frogs
  A big kobold (D:11)
  A scorpion (D:8)
  A troll zombie (D:11)
  4 killer bees (D:10)
  6 wights
  A goliath beetle (D:10)
  5 orc priests
  A centaur zombie (D:7)
  A hound (Lair:4)
  10 orc wizards
  A hell rat (Lair:7)
  A worker ant (D:10)
  An iguana (Lair:2)
  5 ogre zombies (D:11)
  2 sheep (Lair:8)
  24 river rats
  10 adders
  A white imp (IceCv)
  4 worms (Lair:8)
  An ufetubus (IceCv)
  A giant gecko (D:8)
  30 orcs
  2 goblins
  4 hobgoblins
  4 kobolds
  A goblin skeleton (D:11)
  3 hobgoblin skeletons (D:11)
  2 hobgoblin zombies (D:11)
  7 orc zombies (D:11)
  7 quokkas
  A rat (D:10)
  A bush (Lair:7)
  8 fungi
  14 plants
463 creatures vanquished.

Vanquished Creatures (others)
  3 orc warlords
  Nergalle (Snake:5)
  A naga sharpshooter (Snake:1)
  An orc sorcerer (Snake:3)
  11 orc knights
  A guardian serpent (Snake:5)
  13 orc priests
  12 orc warriors
  A vampire mosquito (Snake:4)
  2 deep elf fighters (Orc:4)
  A naga (Snake:1)
  2 spiders (Snake:5)
  A water moccasin (Snake:3)
  16 orc wizards
  A wasp (Bailey)
  5 killer bees
  2 scorpions
  2 wights (D:9)
  3 worker ants
  A white imp (IceCv)
  A worm (Snake:5)
  3 ufetubi (IceCv)
  130 orcs
  Natasha (D:4)
  A giant cockroach (D:4)
  A giant spore (D:9)
  19 spectral orcs
  A butterfly (Bailey)
  5 fungi (Lair:8)
  A plant (Lair:8)
243 creatures vanquished.

Grand Total: 1382 creatures vanquished

Notes
Turn   | Place    | Note
--------------------------------------------------------------
     0 | D:1      | Monkaria, the Hill Orc Gladiator, began the quest for the Orb.
     0 | D:1      | Reached XP level 1. HP: 18/18 MP: 1/1
   182 | D:1      | Reached XP level 2. HP: 20/25 MP: 2/2
   276 | D:1      | HP: 1/25 [giant gecko (3)]
   752 | D:1      | Reached skill level 5 in Axes
  1024 | D:2      | Reached XP level 3. HP: 26/30 MP: 3/3
  1027 | D:2      | Noticed Robin
  1030 | D:2      | Noticed Ijyb
  1040 | D:2      | Killed Robin
  1048 | D:2      | Killed Ijyb
  1048 | D:2      | Reached XP level 4. HP: 15/38 MP: 4/4
  1112 | D:2      | Reached skill level 6 in Axes
  1273 | D:2      | Noticed Crazy Yiuf
  1282 | D:2      | HP: 1/38 [Crazy Yiuf/quarterstaff of chaos (4)]
  1285 | D:2      | Killed Crazy Yiuf
  1695 | D:3      | Reached XP level 5. HP: 46/46 MP: 5/5
  2088 | D:3      | Reached skill level 7 in Axes
  2323 | D:4      | Noticed an ogre
  2332 | D:4      | Killed an ogre
  2332 | D:4      | Reached XP level 6. HP: 51/53 MP: 6/6
  2713 | D:3      | Reached skill level 8 in Axes
  2754 | D:4      | Reached skill level 5 in Fighting
  3017 | D:4      | Became a worshipper of Beogh the Brigand
  3107 | D:4      | Found a bloodstained altar of Trog.
  3189 | D:4      | Reached XP level 7. HP: 43/61 MP: 7/7
  3361 | D:4      | Noticed inmateoo's ghost (average DrTm)
  3407 | D:4      | Killed inmateoo's ghost
  3407 | D:4      | Reached skill level 9 in Axes
  3416 | D:4      | Acquired Beogh's first power
  3799 | D:4      | Noticed Natasha
  3804 | D:4      | Killed Natasha
  3869 | D:4      | Noticed Natasha
  3872 | D:4      | Killed Natasha
  3961 | D:4      | Killed Natasha
  4122 | D:5      | Entered Level 5 of the Dungeon
  4158 | D:5      | Found a shadowy altar of Dithmenos.
  4161 | D:5      | Found a white marble altar of Elyvilon.
  4171 | D:5      | Found an opulent altar of Gozag.
  4292 | D:5      | Found a sand-covered staircase.
  4303 | Ossuary  | Entered an ossuary
  4450 | Ossuary  | Reached skill level 10 in Axes
  4463 | Ossuary  | Reached XP level 8. HP: 36/70 MP: 8/8
  4598 | Ossuary  | Acquired Beogh's second power
  4925 | D:5      | Got a slimy lead ring
  4933 | D:5      | Found a staircase to the Ecumenical Temple.
  4935 | D:5      | Identified the ring of Shriclytu {rElec Str+9 SInv} (You found it on level 5 of the Dungeon)
  4960 | Temple   | Entered the Ecumenical Temple
  5131 | D:5      | Reached skill level 11 in Axes
  5148 | D:5      | Found a glowing golden altar of the Shining One.
  5709 | D:5      | Gained mutation: Your spells are a little harder to cast, but a little more powerful. [potion of mutation]
  5709 | D:5      | Gained mutation: You are frail (-10% HP). [potion of mutation]
  5709 | D:5      | Gained mutation: Your spells are harder to cast, but more powerful. [potion of mutation]
  5710 | D:5      | Gained mutation: You are weak. (Str -2) [potion of mutation]
  5710 | D:5      | Gained mutation: Your mind is acute. (Int +2) [potion of mutation]
  5710 | D:5      | Gained mutation: You have sharp toenails. [potion of mutation]
  5740 | D:6      | Found an iron altar of Okawaru.
  6545 | D:6      | Gained mutation: You are partially covered in yellow scales (AC +2). [potion of mutation]
  6545 | D:6      | Gained mutation: You are clumsy. (Dex -2) [potion of mutation]
  6545 | D:6      | Gained mutation: You are very clumsy. (Dex -4) [potion of mutation]
  6690 | D:6      | Acquired Beogh's third power
  7367 | D:7      | Reached XP level 9. HP: 71/76 MP: 9/9
  7448 | D:7      | Reached skill level 10 in Fighting
  7785 | D:7      | Noticed Edmund
  7800 | D:7      | Killed Edmund
  8667 | D:8      | Noticed Monkaria's ghost (experienced HOGl)
  8680 | D:8      | Killed Monkaria's ghost
  8680 | D:8      | Reached skill level 12 in Axes
  8987 | D:8      | Reached skill level 13 in Axes
  8990 | D:8      | Acquired Beogh's fourth power
  9072 | D:8      | Got a polished short sword
  9073 | D:8      | Identified the +2 short sword "Zyjoic" {drain, +Rage rF+ MR-} (You found it on level 8 of the Dungeon)
  9126 | D:8      | Noticed Gastronok
  9144 | D:8      | Killed Gastronok
  9144 | D:8      | Reached skill level 14 in Axes
  9144 | D:8      | Reached XP level 10. HP: 35/85 MP: 10/10
  9736 | D:9      | Found Prant's Book Shop.
  9768 | D:9      | Reached skill level 15 in Axes
  9790 | D:9      | Gained mutation: Space occasionally distorts in your vicinity. [mutagenic meat]
 10611 | D:10     | Entered Level 10 of the Dungeon
 10617 | D:10     | Noticed a hill giant
 10622 | D:10     | Killed a hill giant
 10622 | D:10     | Gained Wardok as an ally
 10622 | D:10     | Reached skill level 16 in Axes
 10634 | D:10     | Acquired Beogh's fifth power
 10865 | D:10     | Noticed an unseen horror
 10875 | D:10     | Killed an unseen horror
 10875 | D:10     | Reached XP level 11. HP: 53/91 MP: 11/11
 10910 | D:10     | Reached skill level 17 in Axes
 10917 | D:10     | Reached skill level 1 in Armour
 11256 | D:10     | Gained mutation: Armour fits poorly on your strangely shaped body. [mutagenic meat]
 11596 | D:11     | Noticed quick's ghost (experienced GrVM)
 11605 | D:11     | Noticed Joseph
 11622 | D:10     | Lost mutation: You are very clumsy. (Dex -4) [potion of cure mutation]
 11622 | D:10     | Lost mutation: You are frail (-10% HP). [potion of cure mutation]
 11622 | D:10     | Lost mutation: You have sharp toenails. [potion of cure mutation]
 11622 | D:10     | Lost mutation: Your mind is acute. (Int +2) [potion of cure mutation]
 11622 | D:10     | Lost mutation: Your spells are harder to cast, but more powerful. [potion of cure mutation]
 11622 | D:10     | Lost mutation: Your spells are a little harder to cast, but a little more powerful. [potion of cure mutation]
 11626 | D:10     | Killed Joseph
 11971 | D:11     | Killed quick's ghost
 11971 | D:11     | Reached skill level 5 in Armour
 11992 | D:11     | Gained Wargrak as an ally
 12001 | D:11     | Found a staircase to the Orcish Mines.
 12117 | D:11     | Got a pair of pitted boots
 12123 | D:11     | Identified the +2 pair of boots of the Townfolk {rPois} (You found it on level 11 of the Dungeon)
 12204 | D:11     | Gained Bogfrid as an ally
 12339 | D:11     | Noticed a six-headed hydra
 12347 | D:11     | Killed an eight-headed hydra
 12377 | D:11     | Found a staircase to the Lair.
 12765 | D:11     | Got a steaming troll leather armour
 12776 | D:11     | Identified the cursed -2 troll leather armour "Twimohai" {+Fly Regen+ Int-3 Dex-2 SInv Stlth+} (You found it on level 11 of the Dungeon)
 13040 | Lair:1   | Entered Level 1 of the Lair of Beasts
 14711 | Lair:1   | Got a translucent plate armour
 14723 | Lair:1   | Identified the -2 plate armour of Defence {+Blink} (You found it on level 1 of the Lair of Beasts)
 15219 | Lair:2   | Reached skill level 10 in Armour
 15421 | Lair:2   | Reached XP level 12. HP: 104/110 MP: 12/12
 15544 | Lair:2   | Noticed a four-headed hydra
 15551 | Lair:2   | Killed a five-headed hydra
 16095 | Lair:2   | Noticed a seven-headed hydra
 16103 | Lair:2   | Killed a seven-headed hydra
 16164 | Lair:3   | Identified a scroll of acquirement
 16231 | Lair:3   | Found a labyrinth entrance.
 16241 | Lab      | Entered a labyrinth
 17192 | Lab      | Noticed a minotaur
 17201 | Lab      | Killed a minotaur
 17206 | Lab      | Got a twitching steel ring
 17270 | Lair:3   | Identified a cursed +4 rod of the swarm (13/13) (You found it in a labyrinth)
 18105 | Lair:4   | Noticed Rupert
 18112 | Lair:4   | Your ally Bogfrid died
 18116 | Lair:4   | Killed Rupert
 18379 | Lair:4   | Found a staircase to the Snake Pit.
 18390 | Lair:4   | Identified the ring of Freedom {+Inv rN+ AC+2 Stlth+} (You found it in a labyrinth)
 18439 | Lair:4   | Gained Bogwald as an ally
 18516 | Lair:4   | Reached XP level 13. HP: 106/116 MP: 13/13
 18544 | Lair:4   | Reached skill level 15 in Armour
 18678 | Lair:4   | Found a glowing golden altar of the Shining One.
 19117 | Lair:5   | Found a staircase to the Shoals.
 20807 | Lair:7   | Found a staircase to the Slime Pits.
 20813 | Lair:7   | Found a viscous altar of Jiyva.
 21515 | Lair:8   | Entered Level 8 of the Lair of Beasts
 21552 | Lair:8   | Reached XP level 14. HP: 102/124 MP: 14/14
 21563 | Lair:8   | Your ally Wardok died
 21579 | Lair:8   | Reached skill level 18 in Armour
 21924 | Lair:8   | Noticed Fannar
 21935 | Lair:8   | Killed Fannar
 21979 | Lair:8   | Got a shimmering short sword
 22036 | Lair:8   | Found a frozen archway.
 22061 | Lair:8   | Reached skill level 19 in Armour
 22090 | IceCv    | Entered an ice cave
 22367 | IceCv    | Gained Brandogh as an ally
 22419 | IceCv    | Your ally Brandogh died
 22422 | IceCv    | HP: 5/124 [ice devil (32)]
 23351 | IceCv    | Identified the +2 short sword "Ejiotavo" {freeze, rF+ Str+3} (You found it on level 8 of the Lair of Beasts)
 24240 | Lair:8   | Got a bloodstained morningstar
 24266 | Lair:8   | Identified the +8 morningstar "Geitil" {flame, rN+ MP+9 Int+4} (You found it on level 8 of the Lair of Beasts)
 24684 | Orc:1    | Entered Level 1 of the Orcish Mines
 24866 | Orc:2    | Noticed Nergalle
 24876 | Orc:2    | Gained Bogrim as an ally
 25094 | Orc:2    | Reached skill level 1 in Invocations
 25563 | Orc:3    | Gained Bogwik as an ally
 25567 | Orc:3    | Gained Warbeogh as an ally
 25597 | Orc:3    | Your ally Bogwik died
 25708 | Orc:3    | Found a staircase to the Elven Halls.
 25718 | Orc:3    | Found a flagged portal.
 25738 | Orc:3    | Found a roughly hewn altar of Beogh.
 25765 | Bailey   | Entered a bailey
 26726 | Orc:4    | Entered Level 4 of the Orcish Mines
 26760 | Orc:4    | Noticed a stone giant
 26773 | Orc:4    | Killed a stone giant
 26773 | Orc:4    | Reached skill level 5 in Invocations
 26954 | Orc:4    | Found Qeciume's Distillery.
 26972 | Orc:4    | Bought a potion of experience for 800 gold pieces
 26972 | Orc:4    | Bought a potion of heal wounds for 80 gold pieces
 26972 | Orc:4    | Bought a potion of heal wounds for 80 gold pieces
 26972 | Orc:4    | Bought 2 potions of curing for 96 gold pieces
 26972 | Orc:4    | Bought a potion of curing for 48 gold pieces
 26972 | Orc:4    | Bought a potion of curing for 48 gold pieces
 26972 | Orc:4    | Bought a potion of restore abilities for 80 gold pieces
 27007 | Orc:4    | Noticed Grum
 27014 | Orc:4    | Killed Grum
 27036 | Orc:4    | Reached XP level 15. HP: 129/129 MP: 23/23
 27072 | Orc:4    | Noticed Maurice
 27085 | Orc:4    | Killed Maurice
 27085 | Orc:4    | Reached XP level 16. HP: 129/137 MP: 23/24
 27193 | Orc:4    | Noticed Erica
 27212 | Orc:4    | Killed Erica
 27409 | Orc:4    | Found Nukuinga's Gadget Shop.
 27417 | Orc:4    | Noticed a stone giant
 27424 | Orc:4    | Killed a stone giant
 27427 | Orc:4    | Found Shuew's Antique Armour Shop.
 27428 | Orc:4    | Found Truoj's Gadget Shoppe.
 27435 | Orc:4    | Gained Morbeogh as an ally
 27435 | Orc:4    | Gained Zorug as an ally
 27441 | Orc:4    | Your ally Bogrim died
 27443 | Orc:4    | Found Ihalelin's Magic Scroll Boutique.
 27481 | Orc:4    | Bought a +1 rod of clouds (9/9) for 750 gold pieces
 27530 | Orc:4    | Bought a glowing cloak for 117 gold pieces
 27530 | Orc:4    | Bought a glowing cloak for 117 gold pieces
 27727 | Orc:4    | Bought a scroll of identify for 32 gold pieces
 27875 | Orc:4    | Bought a wand of hasting (2) for 432 gold pieces
 28404 | Snake:1  | Entered Level 1 of the Snake Pit
 28452 | Snake:1  | Noticed Nikola
 28484 | Snake:1  | Gained Alork as an ally
 28493 | Snake:1  | Killed Nikola
 28948 | Snake:1  | Gained Orkrul as an ally
 29079 | Snake:1  | Reached skill level 20 in Armour
 29147 | Snake:1  | Your ally orc warrior died
 29540 | Snake:2  | Noticed Snorg
 29546 | Snake:2  | Killed Snorg
 29576 | Snake:2  | Gained Syrus as an ally
 29646 | Snake:2  | Your ally orc warrior died
 29909 | Snake:2  | Your ally Warbeogh died
 29928 | Snake:2  | Your ally Zorug died
 30537 | Snake:2  | Found Descheak's Gadget Shoppe.
 30648 | Snake:2  | Your ally orc warrior died
 30652 | Snake:2  | Your ally orc warrior died
 30659 | Snake:2  | Your ally orc warrior died
 31107 | Snake:3  | Reached skill level 21 in Axes
 31210 | Snake:3  | Gained Boldo as an ally
 31333 | Snake:3  | Your ally Orkrul died
 31938 | Snake:3  | Reached XP level 17. HP: 121/144 MP: 28/28
 32235 | Snake:4  | Noticed Vashnia
 32288 | Snake:4  | Killed Vashnia
 32288 | Snake:4  | Reached skill level 22 in Axes
 32900 | Snake:4  | Noticed Norris
 32927 | Snake:4  | Killed Norris
 32929 | Snake:4  | Got a transparent buckler
 33349 | Snake:4  | Gained Garbold as an ally
 33509 | Snake:5  | Entered Level 5 of the Snake Pit
 33581 | Snake:5  | Reached skill level 23 in Axes
 33775 | Snake:5  | Your ally orc warrior died
 33787 | Snake:5  | Lost mutation: You are weak. (Str -2) [mutagenic meat]
 33857 | Snake:5  | Your ally Boldo died
 33863 | Snake:5  | Your ally orc warrior died
 33867 | Snake:5  | Your ally Bogwald died
 33870 | Snake:5  | Your ally orc warrior died
 33871 | Snake:5  | Your ally orc warrior died
 33871 | Snake:5  | Your ally Wargrak died
 33872 | Snake:5  | Your ally orc knight died
 33878 | Snake:5  | Your ally Syrus died
 34225 | Snake:5  | Your ally orc knight died
 34225 | Snake:5  | Your ally orc warrior died
 34227 | Snake:5  | Reached skill level 24 in Axes
 34227 | Snake:5  | Nergalle (ally) was killed
 34227 | Snake:5  | Your ally died
 34229 | Snake:5  | Your ally Alork died
 34231 | Snake:5  | Your ally Garbold died
 34235 | Snake:5  | Your ally Morbeogh died
 34377 | Snake:5  | HP: 7/144 [black mamba (2)]
 34378 | Snake:5  | HP: 1/144 [greater naga/bolt of poison (6)]
 34378 | Snake:5  | Slain by a black mamba

Action                   |  1- 3 |  4- 6 |  7- 9 | 10-12 | 13-15 | 16-18 || total
-------------------------+-------+-------+-------+-------+-------+-------++-------
Melee: War axe           |    83 |   203 |   465 |   336 |       |       ||  1087
       Battleaxe         |       |       |       |    64 |       |       ||    64
       Executioner's axe |       |       |       |    99 |   474 |   430 ||  1003
 Fire: Blowgun           |       |       |       |       |    22 |       ||    22
Throw: Throwing net      |       |     2 |       |       |       |       ||     2
Invok: Convert to Beogh  |       |     1 |       |       |       |       ||     1
       Recall Orcish Fol |       |       |       |     4 |     2 |     5 ||    11
       Give Item to Name |       |       |       |     3 |     1 |     1 ||     5
       Smiting           |       |       |       |       |     4 |    30 ||    34
Evoke: Wand              |       |       |       |     4 |     1 |     1 ||     6
       Deck              |       |       |       |     1 |       |       ||     1
       Rod               |       |       |       |       |    16 |    25 ||    41
  Use: Potion            |     2 |     4 |    10 |     9 |    11 |     9 ||    45
       Scroll            |       |     2 |    10 |    16 |     6 |     9 ||    43
 Stab: Invisible         |       |       |     3 |     3 |       |       ||     6
       Distracted        |       |       |       |     4 |     7 |     8 ||    19
       Confused          |       |       |       |     2 |       |       ||     2
  Eat: Chunk             |       |     7 |    18 |    27 |    16 |    26 ||    94
       Pizza             |       |       |     1 |       |       |     1 ||     2
       Beef jerky        |       |       |       |     2 |     1 |       ||     3
       Fruit             |       |       |       |     1 |       |     1 ||     2
       Meat ration       |       |       |       |     1 |     1 |     1 ||     3
       Bread ration      |       |       |       |       |     2 |       ||     2
       Royal jelly       |       |       |       |       |       |     1 ||     1
